 Dungeon Crawl Stone Soup version 0.25.0-1-g7eea58d (webtiles) character file.

Game seed: 8652461412450855845

6142 Buxparty the Fighter (level 10, -2/61 HPs)
             Began as a Gargoyle Gladiator on June 28, 2020.
             Was a Priest of Hepliaklqana.
             Slain by a death yak (3 damage)
             ... on level 9 of the Dungeon.
             The game lasted 00:25:51 (11109 turns).

Buxparty the Fighter (Gargoyle Gladiator)          Turns: 11109, Time: 00:25:51

Health: -2/61      AC: 15    Str: 35    XL:     10   Next: 90%
Magic:  10/10      EV: 14    Int:  2    God:    Hepliaklqana [***...]
Gold:   441        SH: 13    Dex: 12    Spells: 9/9 levels left

rFire    + . .     SeeInvis +   a - +1 trident
rCold    + + +     Gourm    .   E - +2 kite shield of Trumpets {rPois Str+4 Int-4 Stlth+}
rNeg     + . .     Faith    .   i - +1 leather armour of Day {rC++ Str+4 SInv}
rPois    ∞         Spirit   .   (helmet restricted)
rElec    +         Reflect  .   y - +1 cloak
rCorr    +         Harm     .   (no gloves)
MR       .....                  (no boots)
Stlth    ++........             (no amulet)
HPRegen  0.20/turn              q - +6 ring of strength
MPRegen  0.12/turn              (no ring)

@: mighty, resistant
A: reduced essence, horns 1, icy blue scales 1, dopey 1, negative energy
resistance 1, electricity resistance, unbreathing, petrification resistance, rot
immunity, AC +7
a: Recall Ancestor, Ancestor Identity, Transference, Renounce Religion


You were on level 9 of the Dungeon.
You worshipped Hepliaklqana.
Hepliaklqana was most pleased with you.
You were not hungry.

You visited 1 branch of the dungeon, and saw 10 of its levels.

You collected 441 gold pieces.

Inventory:

Hand Weapons
 a - a +1 trident (weapon)
Missiles
 d - 3 throwing nets
 o - 28 poisoned darts
 v - 4 datura-tipped darts (quivered)
 x - 4 atropa-tipped darts
Armour
 i - the +1 leather armour of Day (worn) {rC++ Str+4 SInv}
   (You found it on level 5 of the Dungeon)

   It affects your strength (+4).
   It greatly protects you from cold.
   It lets you see invisible.
 r - the +1 ring mail of Sunlight {rElec rN+ SInv}
   (You found it on level 5 of the Dungeon)

   It insulates you from electricity.
   It protects you from negative energy.
   It lets you see invisible.
 y - a +1 cloak (worn)
 E - the +2 kite shield of Trumpets (worn) {rPois Str+4 Int-4 Stlth+}
   (You found it on level 8 of the Dungeon)

   It affects your strength (+4).
   It affects your intelligence (-4).
   It protects you from poison.
   It makes you more stealthy.
 K - the +5 ring mail "Panoma" {rN+}
   (You found it on level 10 of the Dungeon)

   It protects you from negative energy.
Jewellery
 q - a +6 ring of strength (left hand)
 G - an uncursed ring of protection from fire {unknown}
Wands
 u - a wand of iceblast (5)
 w - a wand of polymorph (3)
 z - a wand of enslavement (7)
 B - a wand of acid (5)
 D - a wand of clouds (5)
Scrolls
 c - a scroll of acquirement {unknown}
 e - 4 scrolls of teleportation
 g - 2 scrolls of magic mapping
 h - 2 scrolls of remove curse
 k - 2 scrolls of blinking
 m - 3 scrolls of enchant weapon
 s - 3 scrolls of fear
 t - 10 scrolls of identify
 C - 2 scrolls of holy word {unknown}
 I - a scroll of immolation {unknown}
 J - a scroll of amnesia {unknown}
Potions
 b - a potion of magic
 j - a potion of might
 l - 2 potions of lignification
 n - a potion of resistance
 p - 3 potions of degeneration {unknown}
 A - 2 potions of brilliance {unknown}
 F - a potion of stabbing {unknown}
Comestibles
 f - 15 rations
 H - 11 chunks of flesh


   Skills:
 + Level 10.0 Fighting
 + Level 8.7 Polearms
 - Level 1.7 Throwing
 + Level 8.0 Dodging
 + Level 4.4 Shields


You had 9 spell levels left.
You didn't know any spells.
Your spell library contained the following spells:

 Spells                   Type           Power        Failure   Level  Hunger
 Animate Skeleton         Necr           N/A          96%         1    ##.....
 Apportation              Tloc           #.....       96%         1    ##.....
 Corona                   Hex            #......      96%         1    ##.....
 Summon Small Mammal      Summ           #...         96%         1    ##.....


Dungeon Overview and Level Annotations

Branches:
Dungeon (10/15)            Temple (0/1) D:6            Lair (0/6) D:10
    Orc: D:9-12

Altars:
Ashenzari
Cheibriados
Hepliaklqana
Makhleb
Nemelex Xobeh
Okawaru
Qazlal
Ru
Uskayaw
Vehumet
Xom
Zin
The Shining One

Shops:
D:5 [


Innate Abilities, Weirdness & Mutations

You are resistant to torment.
Your stone body is resilient. (AC +7)
You are immune to poison.
You resist negative energy. (rN+)
You are resistant to electric shocks. (rElec)
You can survive without breathing.
You are immune to petrification.
You are immune to rotting.
Your life essence is reduced to manifest your ancestor. (-10% HP)
You have a pair of small horns on your head.
You are partially covered in icy blue scales. (AC +2)
You are dopey. (Int -2)


Message History

You headbutt the death yak, but do no damage.
The death yak is moderately wounded.
The death yak gores you but does no damage.
You puncture the death yak!
The death yak is heavily wounded.
The death yak gores you!
* * * LOW HITPOINT WARNING * * *
It was a potion of might.
You feel very mighty all of a sudden. You block the death yak's attack.
You puncture the death yak!
The death yak is heavily wounded.
You block the death yak's attack.
You puncture the death yak! You headbutt the death yak!
The death yak is almost dead.
You block the death yak's attack.
You hit the death yak. You headbutt the death yak!
The death yak is almost dead.
The death yak gores you.
You die...

...........# #.....#..........
...........####...............
..............................
................##.......#....
.............#....#...........
.............###..##..........
.............# #.####.......#.
.##.......##....####.....##
#..####.@Y...# ###.#### ####
#....### ### ######


You could see a death yak.

Vanquished Creatures
  A two-headed ogre (D:8)
  A hornet (D:7)
  A hippogriff (D:9)
  Sigmund (D:4)
  A water moccasin (D:5)
  A sky beast (D:8)
  4 orc warriors
  3 phantoms
  A black bear (D:9)
  A necrophage (D:7)
  4 ogres
  2 centaurs
  A bullfrog (D:6)
  2 scorpions
  3 wights (D:7)
  5 killer bees
  6 howler monkeys
  3 crimson imps
  6 hounds
  A jelly (D:7)
  2 bullfrog skeletons
  3 centaur skeletons
  4 orc priests
  A gnoll shaman (D:6)
  2 iguanas
  5 worker ants
  6 orc wizards
  A hound skeleton (D:4)
  A worker ant zombie (D:9)
  A howler monkey skeleton (D:5)
  9 gnolls
  9 adders
  An ooze (D:3)
  3 worms
  An adder skeleton (D:4)
  A dart slug (D:3)
  7 leopard geckos
  16 orcs
  5 bats
  5 giant cockroaches
  4 goblins (D:1)
  9 hobgoblins
  4 jackals (D:3)
  9 kobolds
  7 quokkas
  2 ball pythons
  9 frilled lizards
  A jackal skeleton (D:6)
  10 rats
186 creatures vanquished.

Vanquished Creatures (collateral kills)
  A cyclops (D:8)
  A shadow (D:6)
  A phantom (D:8)
  An orc warrior (D:8)
  An ogre (D:5)
  A crocodile (D:8)
  A bullfrog (D:6)
  A scorpion (D:8)
  2 killer bees (D:9)
  A gnoll shaman (D:8)
  An iron imp (D:8)
  2 orc priests
  A hound (D:7)
  6 orc wizards
  A worker ant (D:6)
  A hound zombie (D:8)
  2 gnolls (D:8)
  10 orcs
  A giant cockroach (D:7)
  A rat (D:10)
37 creatures vanquished.

Vanquished Creatures (others)
  5 battlemagi
  4 ancestors
9 creatures vanquished.

Grand Total: 232 creatures vanquished

Notes
Turn   | Place    | Note
-------+----------+-------------------------------------------
     0 | D:1      | Buxparty the Gargoyle Gladiator began the quest for the
                  | Orb.
     0 | D:1      | Reached XP level 1. HP: 12/12 MP: 1/1
   282 | D:1      | Reached XP level 2. HP: 18/18 MP: 2/2
   304 | D:1      | Found a shattered altar of Ashenzari.
   706 | D:2      | Reached XP level 3. HP: 20/22 MP: 3/3
   754 | D:1      | Reached skill level 3 in Fighting
   976 | D:2      | Reached XP level 4. HP: 22/28 MP: 4/4
  1613 | D:2      | Found a hide-covered altar of Uskayaw.
  1614 | D:2      | Noticed a +0 hand axe
  1614 | D:2      | Noticed a +0 hand axe
  2438 | D:2      | Reached XP level 5. HP: 30/33 MP: 5/5
  2496 | D:3      | Found a glowing golden altar of the Shining One.
  2726 | D:3      | Noticed a centaur
  2736 | D:3      | Killed a centaur
  2736 | D:3      | Reached skill level 4 in Fighting
  3062 | D:3      | Reached XP level 6. HP: 38/38 MP: 6/6
  3077 | D:3      | Found a faded altar of an unknown god.
  3662 | D:4      | Noticed Sigmund
  3683 | D:4      | Killed Sigmund
  3683 | D:4      | Reached skill level 5 in Fighting
  3683 | D:4      | Reached XP level 7. HP: 33/44 MP: 7/7
  4063 | D:4      | Found a burning altar of Makhleb.
  4240 | D:4      | HP: 2/44 [ogre/+0 giant club (16)]
  4242 | D:4      | Reached skill level 5 in Polearms
  4828 | D:4      | Gained mutation: You are dopey. (Int -2) [potion of
                  | mutation]
  4828 | D:4      | Gained mutation: You are partially covered in icy blue
                  | scales. (AC +2) [potion of mutation]
  4828 | D:4      | Gained mutation: You have a pair of small horns on your
                  | head. [potion of mutation]
  4859 | D:5      | Entered Level 5 of the Dungeon
  4877 | D:5      | Got an ichor-stained leather armour
  4888 | D:5      | Identified the +1 leather armour of Day {rC++ Str+4 SInv}
                  | (You found it on level 5 of the Dungeon)
  5071 | D:5      | Found a hazy altar of Hepliaklqana.
  5085 | D:5      | Became a worshipper of Hepliaklqana the Forgotten
  5126 | D:5      | Reached skill level 6 in Fighting
  5126 | D:5      | Reached XP level 8. HP: 22/45 MP: 8/8
  5342 | D:5      | Reached skill level 5 in Dodging
  5343 | D:5      | Got a jewelled ring mail
  5354 | D:5      | Identified the cursed +1 ring mail of Sunlight {rElec rN+
                  | SInv} (You found it on level 5 of the Dungeon)
  5535 | D:5      | Found Gigathoa's Armour Shoppe.
  5631 | D:5      | Found a glowing silver altar of Zin.
  5632 | D:5      | Noticed an angel
  5954 | D:6      | Found a staircase to the Ecumenical Temple.
  6099 | D:6      | Reached skill level 7 in Fighting
  6266 | D:6      | Reached * piety under Hepliaklqana
  6279 | D:6      | Found a stormy altar of Qazlal.
  6694 | D:6      | Found a sacrificial altar of Ru.
  6706 | D:6      | Reached XP level 9. HP: 47/51 MP: 9/9
  7291 | D:7      | Reached skill level 8 in Fighting
  8251 | D:7      | Noticed a hornet
  8260 | D:7      | Killed a hornet
  8431 | D:7      | Reached ** piety under Hepliaklqana
  8432 | D:7      | Remembered your ancestor Xochitl as a battlemage
  8648 | D:7      | Reached skill level 9 in Fighting
  8791 | D:8      | Got a pitted kite shield
  8797 | D:8      | Identified the +2 kite shield of Trumpets {rPois Str+4
                  | Int-4 Stlth+} (You found it on level 8 of the Dungeon)
  8865 | D:8      | Reached XP level 10. HP: 53/59 MP: 10/10
  8915 | D:8      | Reached skill level 1 in Shields
  9164 | D:8      | Found a shimmering altar of Xom.
  9166 | D:8      | Found a radiant altar of Vehumet.
  9194 | D:8      | Found an iron altar of Okawaru.
  9249 | D:8      | HP: 1/59 [orc wizard/magic dart (3)]
  9587 | D:8      | Noticed a two-headed ogre
  9660 | D:8      | Killed a two-headed ogre
  9837 | D:8      | Found a snail-covered altar of Cheibriados.
  9842 | D:8      | Noticed a cyclops
  9853 | D:8      | Killed a cyclops
 10103 | D:8      | Found a sparkling altar of Nemelex Xobeh.
 10620 | D:9      | Reached skill level 10 in Fighting
 10625 | D:9      | Reached *** piety under Hepliaklqana
 10684 | D:9      | Noticed a phantasmal warrior
 10684 | D:9      | Noticed a skeletal warrior
 10685 | D:9      | Noticed a death knight
 10992 | D:10     | Entered Level 10 of the Dungeon
 11036 | D:10     | Got a spiked ring mail
 11047 | D:10     | Identified the +5 ring mail "Panoma" {rN+} (You found it on
                  | level 10 of the Dungeon)
 11058 | D:10     | Found a staircase to the Lair.
 11059 | D:10     | Noticed a death yak
 11061 | D:10     | Noticed a death yak
 11066 | D:10     | Noticed a death yak
 11105 | D:9      | HP: 1/61 [death yak (15)]
 11109 | D:9      | Slain by a death yak

Illustrated notes

Levels and vault maps discovered:
D:1:      dpeg_arrival_simpleton_c, layout_loops_ring, nrook_mini_vaults,
          evilmike_ruin_ashenzari
D:2:      layout_basic, dancing_weapons_uskayaw, first_ration,
          minmay_tromino_v4_c
D:3:      layout_rooms, lemuel_crystal_altar,
          chequers_ecumenical_altar_simple_redux
D:4:      layout_basic, overflow_temple_1_default, uniq_sigmund
D:5:      layout_basic, zin_angel, overflow_temple_1_default, serial_shops,
          nicolae_shop_statue_plus, chequers_serial_rivers_micro_e
D:6:      layout_loops_corners, grunt_qazlal_sundering, lemuel_doored_altar,
          minmay_temple_entry_large_hall
D:7:      layout_loops_corners, minmay_misc_feat_x
D:8:      layout_loops_ring, nemelex_xobeh_ov_fountains_minmay, slow_altar_1,
          grunt_temple_overflow_open
D:9:      layout_cave_pools, grunt_temple_overflow_growth_and_decay,
          kennysheep_mini, special_room [special_room_kobold],
          kennysheep_decorative_pillar
D:10:     layout_cave_pools, dpeg_lair_monsters, minmay_orc_entry_guard_dogs,
          basic_altar, uniq_urug

Skill      XL: |  1  2  3  4  5  6  7  8  9 10 |
---------------+-------------------------------+-----
Polearms       | 3 4 5 6 7 8 |  8.7
Fighting       | 3 4 5 6 7 9 10 | 10.0
Dodging        | 3 4 5 7 8 |  8.0
Shields        | 4 |  4.4
Throwing       | |  1.7

Action                   |  1- 3 |  4- 6 |  7- 9 | 10-12 || total
-------------------------+-------+-------+-------+-------++-------
Melee: Trident           |    93 |   236 |   344 |   181 ||   854
       Headbutt          |       |       |    47 |    39 ||    86
Throw: Dart              |       |     9 |       |     2 ||    11
Invok: Ancestor Life: Ba |       |       |     1 |       ||     1
  Use: Scroll            |       |     6 |     3 |     1 ||    10
       Potion            |       |       |     9 |     3 ||    12
 Stab: Sleeping          |       |     2 |     1 |     1 ||     4
       Invisible         |       |     2 |       |       ||     2
       Distracted        |       |       |     1 |     2 ||     3
  Eat: Chunk             |       |     9 |    17 |     4 ||    30
       Ration            |       |       |       |     1 ||     1
Armor: Leather armour    |    32 |    56 |    94 |    36 ||   218
Dodge: Dodged            |    50 |   141 |   151 |    72 ||   414
Block: Kite shield       |       |       |     5 |    99 ||   104
